Map: Shrines of Lizul

Players

MuRiLa

  • Race: Zerg Zerg
  • League: Master
  • Spawn Location: 9:00

Caleb

  • Race: Protoss Protoss
  • League: Platinum
  • Spawn Location: 6:00

PureLegacy - Winner!

  • Race: Terran Terran
  • Spawn Location: 12:00

ConstRuctor - Winner!

  • Race: Terran Terran
  • League: Diamond
  • Spawn Location: 3:00

VOD

Have the link to the VOD?

Description

Time

  • Played on: Nov. 25, 2018, 12:42 p.m.
  • Length: 4:39
Show
View Real Time Build Order
Export as new Build Order

MuRiLa Zerg 

Build Orders: Hatch First 

Get SALT Encoding   

  12  0:01  Drone  
  13  0:12  Overlord  
  13  0:21  Drone  
  14  0:32  Drone x2  
  14  0:35  Drone  
  17  0:53  Hatchery  
  17  0:56  Drone  
  17  1:01  Drone  
  18  1:12  Extractor  
  18  1:16  Spawning Pool  
  16  1:20  Drone  
  16  1:23  Drone  
  18  1:30  Drone  
  19  1:43  Overlord  
  19  1:52  Drone  
  20  2:04  Queen  
  20  2:06  Queen  
  20  2:07  Zergling x4  
  26  2:11  Metabolic Boost  
  26  2:21  Zergling x4  
  28  2:39  Zergling x6  
  27  2:57  Zergling x4  
  27  2:58  Zergling x2  
  28  3:03  Zergling x2  
  28  3:04  Zergling x2  
  27  3:14  Queen, Zergling x6  
  24  3:29  Zergling x8  
  24  3:34  Zergling x4  
  24  3:39  Zergling x2  
  27  3:41  Zergling x2  
Show
View Real Time Build Order
Export as new Build Order

Caleb Protoss 

Build Orders: Phoenix Opening 

Get SALT Encoding   

  12  0:02  Probe  
  14  0:14  Probe  
  14  0:21  Pylon  
  14  0:26  Probe  
  15  0:30  Assimilator  
  15  0:36  Probe  
  16  0:44  Probe  
  17  0:52  Gateway  
  17  0:54  Probe  
  18  1:06  Probe  
  18  1:10  Pylon  
  19  1:18  Probe  
  20  1:19  Assimilator  
  20  1:30  Probe  
  21  1:40  Cybernetics Core  
  21  1:42  Probe  
  22  1:51  Probe  
  22  1:59  Probe  
  23  2:04  Pylon  
  24  2:08  Probe  
  25  2:20  Warp Gate  
  25  2:24  Adept  
  27  2:33  Stargate  
  27  2:42  Probe  
  28  2:48  Pylon  
  28  3:02  Adept  
  28  3:12  Void Ray  
  29  3:24  Pylon  
  32  3:49  Fleet Beacon  
  32  3:55  Phoenix  
Show
View Real Time Build Order
Export as new Build Order

PureLegacy Terran - Winner!

Build Orders:  

Get SALT Encoding   

  12  0:02  SCV  
  14  0:14  SCV  
  14  0:19  Supply Depot  
  14  0:26  SCV  
  15  0:31  Refinery  
  15  0:40  SCV  
  16  0:48  Barracks  
  16  0:53  SCV  
  17  1:04  Barracks  
  17  1:19  Barracks  
  17  1:22  SCV  
  18  1:37  Reaper  
  19  1:42  Orbital Command  
  19  1:47  Refinery  
  19  1:52  Reaper  
  20  1:59  Supply Depot  
  20  2:06  Reaper  
  21  2:10  SCV  
  21  2:11  Reaper  
  23  2:22  SCV  
  24  2:25  Reaper  
  25  2:37  Supply Depot  
  25  2:38  Reaper  
  25  2:43  Reaper  
  27  2:59  Reaper  
  28  3:11  Reaper  
  29  3:20  Reaper  
  30  3:31  Reaper, SCV  
  32  3:38  Command Center  
  32  3:43  Engineering Bay, SCV  
  32  3:44  Supply Depot  
  35  4:06  SCV  
  35  4:09  Barracks Reactor x2  
  33  4:14  Missile Turret  
  33  4:15  Factory  
  33  4:18  SCV  
  33  4:23  Barracks Tech Lab  
Show
View Real Time Build Order
Export as new Build Order

ConstRuctor Terran - Winner!

Build Orders: Hellion Opening 

Get SALT Encoding   

  12  0:01  SCV  
  13  0:13  SCV  
  14  0:18  Supply Depot  
  14  0:25  SCV  
  15  0:30  Refinery  
  15  0:40  SCV  
  16  0:46  Barracks  
  16  0:52  SCV  
  17  0:58  Refinery  
  17  1:04  SCV  
  18  1:16  SCV  
  19  1:33  Orbital Command  
  19  1:37  Factory  
  19  1:43  Barracks Reactor  
  19  1:56  Supply Depot  
  19  2:06  SCV  
  20  2:12  Factory  
  20  2:23  SCV  
  20  2:28  Hellion  
  20  2:29  Hellion  
  25  2:35  Supply Depot  
  25  2:36  Barracks Tech Lab  
  25  2:46  SCV  
  26  2:52  Hellion  
  26  2:53  Hellion  
  30  3:14  Hellion x2  
  34  3:21  SCV  
  34  3:25  Engineering Bay  
  35  3:37  Cyclone  
  39  4:34  Supply Depot  
Tags
 
Add a new tag
Caveats
  • Supply blocks, unpowered buildings, or Contaminate may cause inaccurate times.
  • Supply counts are checked every 10 seconds.